 Dungeon Crawl Stone Soup version 0.30.1-3-gfc49f6343a (webtiles) character file.

Game seed: 8611022009154921391

3557 spardeous the Thaumaturge (level 9, -3/96 HPs)
             Began as a Demigod Earth Elementalist on July 24, 2023.
             Shot with an arrow by a centaur warrior (6 damage)
             ... on level 8 of the Dungeon.
             The game lasted 00:13:18 (7249 turns).

spardeous the Thaumaturge (DgEE)                    Turns: 7249, Time: 00:13:18

Health: -3/96      AC: 24    Str: 11    XL:     9   Next: 54%
Magic:  26/26      EV:  2    Int: 31    God:
Gold:   403        SH:  0    Dex: 18    Spells: 18/26 levels left

rFire   . . .        H - +12 falchion "Katrin" {drain, Str+2}
rCold   . . .        (no shield)
rNeg    . . .        F - melded +0 swamp dragon scales
rPois   +            x - melded +1 helmet of the Thistle {+Blink Will+ SInv Stlth-}
rElec   +            (cloak currently unavailable)
rCorr   +            (gloves currently unavailable)
SInv    .            z - melded +0 pair of boots
Will    .....        (no amulet)
Stlth   ++           y - +6 ring of intelligence
HPRegen 0.36/turn    B - ring of Ves Suuh {Contam rElec rPois rCorr}
MPRegen 0.20/turn

%: no passive effects
@: brilliant, tree-form
A: stationary, stasis, torment immunity, boosted hp, high MP 1, forlorn, divine
attributes
a: no special abilities


You were on level 8 of the Dungeon.
You were a tree.
You visited 1 branch of the dungeon, and saw 8 of its levels.

You collected 403 gold pieces.

Inventory:

Hand Weapons
 H - the +12 falchion "Katrin" (weapon) {drain, Str+2}
   (You took it off a gnoll on level 6 of the Dungeon)

   Str:       It affects your strength (+2).
Missiles
 v - a throwing net
Armour
 x - the +1 helmet of the Thistle (melded) {+Blink Will+ SInv Stlth-}
   (You found it on level 4 of the Dungeon)

   SInv:      It lets you see invisible.
   +Blink:    It lets you blink.
   Will:      It increases your willpower.
   Stlth:     It makes you less stealthy.
 z - a +0 pair of boots (melded)
 F - +0 swamp dragon scales (melded)
Jewellery
 s - a +4 ring of slaying
 y - a +6 ring of intelligence (left branch)
 B - the ring of Ves Suuh (right branch) {Contam rElec rPois rCorr}
   (You found it on level 6 of the Dungeon)

   [ring of resist corrosion]

   rElec:     It insulates you from electricity.
   rPois:     It protects you from poison.
   Contam:    It causes magical contamination when unequipped.
   rCorr:     It protects you from acid and corrosion.
 G - an amulet of guardian spirit
 M - an amulet of regeneration
Wands
 o - a wand of quicksilver (10)
 p - a wand of flame (42)
 C - a wand of mindburst (12)
 E - a wand of paralysis (5)
Scrolls
 c - 8 scrolls of identify {unknown}
 d - 5 scrolls of teleportation
 e - 3 scrolls of noise {unknown}
 f - 3 scrolls of enchant weapon {unknown}
 g - a scroll of brand weapon {unknown}
 m - 3 scrolls of immolation {unknown}
 n - a scroll of magic mapping {unknown}
 u - 2 scrolls of vulnerability {unknown}
 D - a scroll of acquirement {unknown}
 J - 2 scrolls of poison {unknown}
 K - a scroll of blinking {unknown}
 L - a scroll of amnesia {unknown}
Potions
 a - a potion of mutation {unknown}
 b - a potion of magic
 h - a potion of lignification
 i - a potion of resistance {unknown}
 j - 5 potions of curing {unknown}
 k - 2 potions of degeneration {unknown}
 l - a potion of brilliance
 q - a potion of heal wounds {unknown}
 r - a potion of cancellation {unknown}
 t - a potion of flight
 w - a potion of might {unknown}
 A - a potion of invisibility {unknown}
 I - 2 potions of attraction {unknown}


   Skills:
 + Level 1.2 Fighting
 + Level 2.0 Armour
 - Level 1.7 Dodging
 - Level 1.7 Stealth
 - Level 9.1 Spellcasting
 - Level 6.0 Conjurations
 - Level 0.8 Transmutations
 - Level 6.0 Earth Magic


You had 18 spell levels left.
You knew the following spells:

 Your Spells              Type           Power      Damage    Failure   Level
a - Sandblast             Erth           100%       2d20      1%          1
b - Stone Arrow           Conj/Erth      100%       3d13      1%          3
c - Petrify               Tmut/Erth      52%        N/A       9%          4

Your spell library contained the following spells:

 Spells                   Type           Power      Damage    Failure   Level
 Passwall                 Tmut/Erth      43%        N/A       1%          2
 Portal Projectile        Hex/Tloc       42%        N/A       11%         3
 Tukima's Dance           Hex            21%        N/A       11%         3
 Animate Armour           Summ/Erth      98%        N/A       11%         4
 Blade Hands              Tmut           14%        N/A       56%         5
 Lehudib's Crystal Spear  Conj/Erth      33%        10d9      100%        8


Dungeon Overview and Level Annotations

Branches:
Dungeon (8/15)             Temple (0/1) D:5
   Lair: D:8-11

Shops:
D:1 !(*=?   D:2 :   D:7 =

Annotations:
D:5 Sigmund
D:6 1 runed translucent door, Crazy Yiuf


Innate Abilities, Weirdness & Mutations

You are a tree.
Your roots penetrate the ground, keeping you stationary.
You cannot be teleported.
You are immune to unholy pain and torment.
Your maximum health is greatly increased.
Your equipment is partially melded.
You have an increased reservoir of magic. (+10% MP)
You shall have no god before yourself.
Your divine heritage dramatically boosts your attributes as you level up.


Message History

M - an amulet of regeneration Health restored: 64; MP restored: 26 You now have 403 gold pieces (gained 11).
c - 8 scrolls labelled LOROBU DIOFOLL (gained 1)
A centaur warrior comes into view.
The centaur warrior wields a +0 shortbow.
The centaur warrior shoots an arrow.
The arrow hits you!
You take 9 damage, and have 55/64 hp.
A centaur warrior is nearby!
A centaur warrior is nearby!
A centaur warrior is nearby!
A centaur warrior is nearby!
A centaur warrior is nearby!
A centaur warrior is nearby!
The centaur warrior shoots an arrow.
The arrow hits you!!
The centaur warrior shoots an arrow.
The arrow hits you!
* * * LOW HITPOINT WARNING * * *
You take 33 damage, and have 22/64 hp.
MASSIVE DAMAGE!!
As you read the scroll labelled UMUNASOI ZURO, it crumbles to dust.
You feel strangely unstable.
It was a scroll of teleportation.
The centaur warrior shoots an arrow.
The arrow hits you!
* * * LOW HITPOINT WARNING * * *
You take 10 damage, and have 12/64 hp.
It was a potion of lignification.
You turn into a tree.
The +1 helmet of the Thistle {+Blink Will+ SInv Stlth-} melds into your body.
Your +0 pair of boots melds into your body.
Your +0 swamp dragon scales melds into your body.
Your roots penetrate the ground.
You feel strangely stable.
The centaur warrior shoots an arrow.
The arrow hits you!
* * * LOW HITPOINT WARNING * * *
The centaur warrior shoots an arrow.
The arrow hits you but does no damage.
You now have 12/96 hp.
It was a potion of brilliance.
You feel clever all of a sudden.
The centaur warrior shoots an arrow.
The arrow hits you!
* * * LOW HITPOINT WARNING * * *
You take 9 damage, and have 3/96 hp.
It was a potion of flight.
Your roots keep you in place.
The centaur warrior shoots an arrow.
The arrow hits you.
You die...

..........# ######........
..........####...........##
...>..............#........
.............#####<.#......
......)....[## #........#
.....))....################
.......#####...........#
....####⌠...............
..###..#........♣....c..
.##....#.....#########..
.#.....##..###.......####
.)......#............)..###
........#........⌠).......#
........###...........†...#
##........####.......###..##
##..........#########.....#
###......................#


You could see a centaur warrior.

Vanquished Creatures
  Pikel (D:6)
  A gargoyle (D:7)
  Maggie (D:6)
  Eustachio (D:4)
  A water moccasin (D:8)
  2 ice beasts
  2 black bears
  2 ogres (D:5)
  5 centaurs
  2 phantoms
  A lemure (D:6)
  A bullfrog (D:7)
  A kobold brigand (D:7)
  3 scorpions
  A wight (D:8)
  A killer bee (D:8)
  2 electric eels (D:6)
  6 hounds
  2 jellies
  An orc priest (D:8)
  3 iguanas
  Ijyb (D:4)
  3 sleepcaps
  An orc wizard (D:8)
  14 gnolls
  10 adders
  An ufetubus (D:7)
  2 worms
  4 dart slugs
  9 orcs
  8 endoplasms
  5 giant cockroaches
  16 goblins
  A hobgoblin (D:1)
  2 jackals (D:2)
  9 kobolds
  2 quokkas
  8 ball pythons
  2 bats
  A frilled lizard (D:1)
  4 rats
143 creatures vanquished.

Notes
Turn   | Place    | Note
-------+----------+-------------------------------------------
     0 | D:1      | spardeous the Demigod Earth Elementalist began the quest
                  | for the Orb.
     0 | D:1      | Reached XP level 1. HP: 14/14 MP: 5/5
   186 | D:1      | Found Miuggiuz's Magic Scroll Boutique.
   261 | D:1      | Found Epra's Jewellery Boutique.
   358 | D:1      | Found Qanyrph's Weapon Shoppe.
   519 | D:1      | Reached XP level 2. HP: 20/20 MP: 5/7
   689 | D:1      | Found Ontuan's General Store.
   811 | D:1      | Found Madelan's Distillery.
  1049 | D:2      | Reached XP level 3. HP: 26/26 MP: 6/8
  1623 | D:2      | Noticed a walking frostbound tome
  1625 | D:2      | Found Begoptar's Book Shop.
  1627 | D:2      | Noticed a walking earthen tome
  2119 | D:3      | Noticed a centaur
  2126 | D:3      | Killed a centaur
  2127 | D:3      | Reached skill level 5 in Earth Magic
  2127 | D:3      | Reached XP level 4. HP: 30/33 MP: 4/9
  2261 | D:3      | Reached XP level 5. HP: 38/38 MP: 8/10
  3068 | D:4      | Reached skill level 2 in Spellcasting
  3318 | D:4      | Identified the +1 helmet of the Thistle {+Blink Will+ SInv
                  | Stlth-}
  3463 | D:4      | Noticed Ijyb
  3571 | D:4      | Reached XP level 6. HP: 45/45 MP: 6/13
  3634 | D:4      | Noticed Eustachio
  3640 | D:4      | Killed Eustachio
  3641 | D:4      | Reached skill level 3 in Spellcasting
  3719 | D:4      | Killed Ijyb
  3720 | D:4      | Reached skill level 4 in Spellcasting
  3873 | D:5      | Entered Level 5 of the Dungeon
  4053 | D:5      | Found a staircase to the Ecumenical Temple.
  4068 | D:5      | Reached XP level 7. HP: 47/50 MP: 14/17
  4101 | D:5      | Noticed Sigmund
  4107 | D:5      | Reached skill level 5 in Spellcasting
  4507 | D:5      | Reached skill level 6 in Spellcasting
  4827 | D:6      | Noticed Maggie
  4887 | D:6      | Identified the ring of Ves Suuh {Contam rElec rPois rCorr}
  5100 | D:6      | Killed Maggie
  5101 | D:6      | Reached skill level 7 in Spellcasting
  5101 | D:6      | Reached XP level 8. HP: 50/57 MP: 17/23
  5108 | D:6      | Learned a level 3 spell: Stone Arrow
  5151 | D:6      | Learned a level 4 spell: Petrify
  5397 | D:6      | Noticed Pikel
  5425 | D:6      | Killed Pikel
  5426 | D:6      | Reached skill level 8 in Spellcasting
  5506 | D:6      | Reached skill level 9 in Spellcasting
  5582 | D:6      | Identified the +12 falchion "Katrin" {drain, Str+2}
  5613 | D:6      | Reached skill level 1 in Conjurations
  5989 | D:6      | Found a runed translucent door.
  5990 | D:6      | Noticed Crazy Yiuf
  6253 | D:7      | Reached XP level 9. HP: 51/62 MP: 22/26
  6457 | D:7      | Found Seakog's One-of-a-Kind Rings.
  6617 | D:7      | Noticed a gargoyle
  6631 | D:7      | Killed a gargoyle
  6632 | D:7      | Reached skill level 5 in Conjurations
  7065 | D:8      | Reached skill level 1 in Armour
  7205 | D:8      | Reached skill level 1 in Fighting
  7244 | D:8      | Noticed a centaur warrior
  7248 | D:8      | HP: 3/96 [centaur warrior/arrow (10)]
  7249 | D:8      | Shot with an arrow by a centaur warrior

Illustrated notes

Levels and vault maps discovered:
D:1:      lemuel_arrival_funnel, layout_loops_ring, serial_shops, shop, shop,
          nicolae_shop_getting_attention, nicolae_shop_tiny_real_fake_doors,
          nicolae_shop_back_alley_shop
D:2:      minmay_evil_eye, layout_loops_ring, serial_shops,
          nicolae_shop_mannequins
D:3:      layout_basic
D:4:      layout_basic, uniq_ijyb, uniq_eustachio
D:5:      layout_basic, doesnt_xom_only_xom, minmay_temple_entry_grid,
          minmay_ogre_servants, uniq_sigmund
D:6:      layout_basic, water_maze_lemuel, uniq_maggie, uniq_crazy_yiuf_cottage,
          uniq_pikel
D:7:      layout_cave_pools, mainiacjoe_overflow_catwalk, kennysheep_mini,
          nicolae_shop_unique_rings, grunt_potential
D:8:      kennysheep_spiral_hall, layout_rooms, elyvilon_altar_3,
          grunt_dithmenos_shadows, minitemple, general_overflow_altar, hex_tiny,
          hex_intersection

Skill      XL: |  1  2  3  4  5  6  7  8  9 |
---------------+----------------------------+-----
Earth Magic    | 3 5 6 |  6.0
Spellcasting   | 2 4 7 9 |  9.1
Conjurations   | 2 6 |  6.0
Armour         | 2 |  2.0
Fighting       | 1 |  1.2
Dodging        | |  1.7
Stealth        | |  1.7
Transmutations | |  0.8

Action                     |  1- 3 |  4- 6 |  7- 9 || total
---------------------------+-------+-------+-------++-------
  Melee: Falchion          |       |       |     1 ||     1
   Cast: Sandblast         |    69 |    67 |   104 ||   240
         Stone Arrow       |       |       |     4 ||     4
    Use: Potion            |       |       |     3 ||     3
         Scroll            |       |       |     1 ||     1
 Armour: Robe              |     7 |       |       ||     7
         Leather armour    |       |     4 |     1 ||     5
         Swamp dragon scal |       |       |     7 ||     7
         Skin              |       |       |     1 ||     1
  Dodge: Dodged            |    15 |    15 |    14 ||    44
